 Dungeon Crawl Stone Soup version 0.19.0-2-gae57169 (webtiles) character file.

475 xeno23 the Firebug (level 6, -2/32 HPs)
             Began as a Deep Elf Fire Elementalist on Nov 5, 2016.
             Incinerated by miscasting Fireball (6 damage)
             ... on level 3 of the Dungeon.
             The game lasted 00:12:28 (3352 turns).

xeno23 the Firebug (Deep Elf Fire Elementalist)     Turns: 3352, Time: 00:12:29

Health: -2/32      AC:  3    Str:  8    XL:     6   Next: 84%
Magic:  0/16       EV: 13    Int: 22    God:
Gold:   123        SH:  0    Dex: 15    Spells: 4 memorised, 2 levels left

rFire  . . .     SeeInvis .     l - +1 war axe (chop)
rCold  . . .     Gourm    .     a - +1 robe
rNeg   . . .     Faith    .     (no shield)
rPois  +         Spirit   .     (no helmet)
rElec  .         Reflect  .     (no cloak)
rCorr  .         Harm     .     (no gloves)
MR     .....                    (no boots)
Stlth  +.........               (no amulet)
                                g - ring of poison resistance
                                e - +3 ring of strength

@: liquid flames, slightlycontaminated, glowing
A: no striking features
a: no special abilities


You were on level 3 of the Dungeon.
You were very hungry.

You visited 1 branch of the dungeon, and saw 4 of its levels.

You collected 123 gold pieces.

Inventory:

Hand Weapons
 l - a +1 war axe of chopping (weapon)
Armour
 a - a +1 robe (worn)
Jewellery
 e - a +3 ring of strength (left hand)
 g - a ring of poison resistance (right hand)
 s - an uncursed ring of see invisible
Wands
 k - a wand of random effects (14/48)
 n - a wand of lightning (5/15)
Scrolls
 f - 3 scrolls of remove curse
Potions
 h - a potion of curing {unknown}
 i - 2 potions of heal wounds {unknown}
 p - a potion of brilliance {unknown}
 q - a potion of agility {unknown}
 t - a potion of might {unknown}
 v - a potion of flight {unknown}
Books
 b - a book of Flames

   Spells                             Type                      Level
   a - Flame Tongue                   Conjuration/Fire             1
   b - Throw Flame                    Conjuration/Fire             2
   c - Conjure Flame                  Conjuration/Fire             3
   d - Inner Flame                    Hexes/Fire                   3
   e - Sticky Flame                   Conjuration/Fire             4
   f - Fireball                       Conjuration/Fire             5
Comestibles
 c - 3 bread rations
 d - a fruit
 j - 3 meat rations
 m - a slice of pizza
 u - a beef jerky


   Skills:
 - Level 2.4 Dodging
 - Level 2.4 Stealth
 + Level 5.4 Spellcasting
 * Level 4.7 Conjurations
 * Level 6.0 Fire Magic


You had 2 spell levels left.
You knew the following spells:

 Your Spells              Type           Power        Failure   Level  Hunger
a - Flame Tongue          Conj/Fire      ####.        1%          1    None
d - Conjure Flame         Conj/Fire      ####....     3%          3    ##.....
q - Fireball              Conj/Fire      ####......   34%         5    #####..
s - Sticky Flame          Conj/Fire      ####....     12%         4    ####...


Dungeon Overview and Level Annotations

Branches:
Dungeon (4/15)
 Temple: D:4-7

Altars:
Uskayaw
Yredelemnul

Annotations:
D:4 Pikel


Message History

Casting: Fireball
Confirm with . or Enter, or press ? or * to list all spells.
You can't see any susceptible monsters within range! (Use Z to cast anyway.)
Casting: Fireball
Confirm with . or Enter, or press ? or * to list all spells.
The spell is very dangerous to cast!
Continue anyway?
Aiming: Fireball
Press: ? - help, Shift-Dir - straight line, f/p - orc priest
Aim: an orc priest, wielding a hand axe (almost dead)
You miscast Fireball.
You are lightly contaminated with residual magic.
You are covered in liquid flames!
You are covered in liquid flames! x2
* * * LOW HITPOINT WARNING * * *
You take 4 damage.
You are covered in liquid flames!
* * * LOW HITPOINT WARNING * * *
You take 5 damage.
You are covered in liquid flames!
You die... oo

#...## #)
#..### #. ##..#
# #o #...# #
#.## .# #.#.# #
#..# #.# #.#.#
# #.## #.#
#.#.# #
#..###.# #.#.#
# ##.@##.#
#.#.# ##..#.#
##(#.###
##.#.##
#....... #....#
#.......
###..##
##....... #..(#
#.....(..
#.#.###........
#.#.##.........
#.#............


You could see an orc priest.

Vanquished Creatures
  2 slaves (D:4)
  A bullfrog (D:4)
  2 scorpions (D:4)
  A quasit (D:4)
  3 orc priests (D:3)
  3 orc wizards
  5 adders
  2 worms (D:2)
  A dart slug (D:2)
  A leopard gecko (D:4)
  11 orcs
  A ball python (D:2)
  2 giant cockroaches
  5 goblins
  4 hobgoblins
  5 kobolds
  A quokka (D:3)
  9 bats
  3 frilled lizards
  2 quokka skeletons (D:4)
  4 rats
68 creatures vanquished.

Notes
Turn   | Place    | Note
-------+----------+-------------------------------------------
     0 | D:1      | xeno23 the Deep Elf Fire Elementalist began the quest for the Orb.
     0 | D:1      | Reached XP level 1. HP: 10/10 MP: 6/6
   204 | D:1      | You fall through a shaft!
   337 | D:2      | Reached XP level 2. HP: 15/15 MP: 6/8
   879 | D:2      | Reached skill level 4 in Fire Magic
   879 | D:2      | Reached XP level 3. HP: 19/19 MP: 5/9
  1346 | D:3      | Reached XP level 4. HP: 10/24 MP: 2/12
  1411 | D:2      | Learned a level 4 spell: Sticky Flame
  1415 | D:2      | Learned a level 3 spell: Conjure Flame
  1654 | D:3      | Reached XP level 5. HP: 23/28 MP: 4/13
  1801 | D:3      | Found a basalt altar of Yredelemnul.
  1873 | D:3      | Reached skill level 5 in Fire Magic
  2194 | D:3      | Learned a level 5 spell: Fireball
  2280 | D:4      | Reached XP level 6. HP: 28/32 MP: 6/15
  2322 | D:4      | Reached skill level 5 in Spellcasting
  2960 | D:4      | Found a hide-covered altar of Uskayaw.
  2998 | D:4      | Noticed a slave
  3003 | D:4      | Noticed a slave
  3004 | D:4      | Noticed a slave
  3005 | D:4      | Noticed Pikel
  3005 | D:4      | Noticed a slave
  3025 | D:4      | Killed a slave
  3029 | D:4      | Killed a slave
  3348 | D:3      | Reached skill level 6 in Fire Magic
  3352 | D:3      | Incinerated by miscasting Fireball

Skill      XL: |  1  2  3  4  5  6 |
---------------+-------------------+-----
Conjurations   | 2 3 4 |  4.7
Fire Magic     | 4 5 6 |  6.0
Spellcasting   | 4 5 |  5.4
Dodging        | |  2.4
Stealth        | |  2.4

Action                   |  1- 3 |  4- 6 || total
-------------------------+-------+-------++-------
Melee: War axe           |       |     6 ||     6
 Cast: Flame Tongue      |    81 |    81 ||   162
       Conjure Flame     |       |     3 ||     3
       Sticky Flame      |       |     4 ||     4
       Fireball          |       |     2 ||     2
  Use: Scroll            |       |     4 ||     4
       Potion            |       |     1 ||     1
  Eat: Chunk             |       |     8 ||     8
Armor: Robe              |     8 |    16 ||    24
Dodge: Dodged            |    24 |    41 ||    65
